 Dungeon Crawl Stone Soup version 0.23-a0-642-g3120c2f (console) character file.

178 Duffy the Firebug (level 5, -2/35 HPs)
             Began as a Demonspawn Fire Elementalist on Dec 30, 2018.
             Hit by a goblin thrown by Robin (3 damage)
             ... on level 4 of the Dungeon.
             The game lasted 00:02:57 (3675 turns).

Duffy the Firebug (Demonspawn Fire Elementalist)    Turns: 3675, Time: 00:02:58

Health: -2/35      AC:  2    Str:  9    XL:     5   Next: 32%
Magic:  0/10       EV: 12    Int: 17    God:
Gold:   95         SH:  6    Dex: 13    Spells: 2/10 levels left

rFire    . . .     SeeInvis .   (no weapon)
rCold    . . .     Gourm    +   (no shield)
rNeg     . . .     Faith    .   a - +0 robe
rPois    .         Spirit   .   (no helmet)
rElec    .         Reflect  .   (no cloak)
rCorr    .         Harm     .   (no gloves)
MR       .....                  (no boots)
Stlth    ++........             d - amulet of the gourmand
HPRegen  0.11/turn              (no ring)
MPRegen  0.12/turn              (no ring)

@: no status effects
A: large bone plates 2
a: no special abilities


You were on level 4 of the Dungeon.
You were completely stuffed.

You visited 1 branch of the dungeon, and saw 4 of its levels.

You collected 95 gold pieces.

Inventory:

Hand Weapons
 h - a +0 blowgun
Armour
 a - a +0 robe (worn)
Jewellery
 d - an amulet of the gourmand (around neck)
Scrolls
 b - a scroll of fear {unknown}
 f - a scroll of identify {unknown}
 i - a scroll of remove curse {unknown}
 j - a scroll of enchant weapon {unknown}
 l - a scroll of teleportation {unknown}
Potions
 e - 4 potions of curing {unknown}
 g - 2 potions of heal wounds {unknown}
 k - 2 potions of agility {unknown}
Comestibles
 c - 3 rations


   Skills:
 - Level 1.7 Dodging
 - Level 1.7 Stealth
 + Level 3.3 Spellcasting
 + Level 3.1 Conjurations
 + Level 3.8 Fire Magic


You had 2 spell levels left.
You knew the following spells:

 Your Spells              Type           Power        Failure   Level  Hunger
h - Flame Tongue          Conj/Fire      ##...        4%          1    None
j - Sticky Flame          Conj/Fire      ##......     38%         4    ####...
l - Conjure Flame         Conj/Fire      ##......     12%         3    ###....

Your spell library contained the following spells:

 Spells                   Type           Power        Failure   Level  Hunger
 Throw Flame              Conj/Fire      ##....       6%          2    ##.....
 Inner Flame              Hex/Fire       #.......     22%         3    ###....
 Fireball                 Conj/Fire      ##........   75%         5    ######.


Dungeon Overview and Level Annotations

Branches:
Dungeon (4/15)
 Temple: D:4-7

Altars:
Kikubaaqudgha
Sif Muna

Annotations:
D:2 exclusion: scorpion
D:3 exclusions: orc, orc wizard and rat
D:4 Robin


Innate Abilities, Weirdness & Mutations

You are mostly covered in large bone plates. (SH +6)


Message History

Press: ? - help, Shift-Dir - straight line, f - goblin
Aim: a goblin, wielding a +0 dagger (unusually strong)
The flame tongue hits the goblin.
The goblin is moderately wounded.
The goblin hits you with a +0 dagger. The goblin hits you with a +0 dagger.
Robin throws the goblin at you! Robin closely misses you.
Robin hits you but does no damage.
Casting: Flame Tongue (safe; 4% risk of failure)
Confirm with . or Enter, or press ? or * to list all spells.
Aiming: Flame Tongue (safe; 4% risk of failure)
Press: ? - help, Shift-Dir - straight line, f - Robin
Aim: Robin, wielding a +0 whip, wearing a +0 animal skin and wearing a +0 The flame tongue misses the goblin.
The goblin hits you with a +0 dagger!
* * * LOW HITPOINT WARNING * * *
Robin hits you with a +0 whip.
* * * LOW HITPOINT WARNING * * *
Robin throws the goblin at you!
You die...

#...)...# #g#
######### #.#
#)# ###.##
##.#..#
####.))#.######
+.....(.........
####...#g#######
##.##@# ##.).#.#
#...gg.# #+#
##...### #.#
##.## #.# #.#
##<## #.#
##...## #(#
#.....# #(#


You could see Robin and a goblin.

Vanquished Creatures
  2 orc wizards
  5 adders
  2 oozes
  2 dart slugs
  2 leopard geckos
  5 orcs
  3 giant cockroaches
  6 hobgoblins
  2 quokkas (D:2)
  3 bats
  3 frilled lizards
  13 goblins
  6 kobolds
  8 rats
62 creatures vanquished.

Notes
Turn   | Place    | Note
-------+----------+-------------------------------------------
     0 | D:1      | Duffy the Demonspawn Fire Elementalist began the quest for
                  | the Orb.
     0 | D:1      | Reached XP level 1. HP: 13/13 MP: 3/3
   488 | D:1      | Gained mutation: You are partially covered in large bone
                  | plates. (SH +4) [demonic ancestry]
   488 | D:1      | Reached XP level 2. HP: 19/19 MP: 1/5
  1710 | D:2      | Gained mutation: You are mostly covered in large bone
                  | plates. (SH +6) [demonic ancestry]
  1710 | D:2      | Reached XP level 3. HP: 24/24 MP: 4/6
  1715 | D:2      | Learned a level 3 spell: Conjure Flame
  1717 | D:2      | Found an ancient bone altar of Kikubaaqudgha.
  1921 | D:2      | Noticed a scorpion
  2206 | D:2      | Found a deep blue altar of Sif Muna.
  2258 | D:2      | Reached XP level 4. HP: 30/30 MP: 5/8
  2424 | D:2      | Learned a level 4 spell: Sticky Flame
  3490 | D:3      | Noticed a gnoll sergeant
  3516 | D:4      | Reached XP level 5. HP: 35/35 MP: 7/9
  3628 | D:4      | Noticed Robin
  3672 | D:4      | HP: 1/35 [Robin/+0 whip (6)]
  3675 | D:4      | Hit by a goblin thrown by Robin

Vault maps used:
D:1:      co_arrival_random_square_maze, minmay_3d_cube
D:2:      kiku_gazebo_garden_becter, amethyst_overflow_temple_binary,
          first_ration, lemuel_statue_altar
D:3:      lemuel_round_altar
D:4:      zin_angel, minmay_temple_entry_trees, uniq_robin, uniq_eustachio,
          uniq_pikel

Skill      XL: |  1  2  3  4  5 |
---------------+----------------+-----
Fire Magic     | 3 |  3.8
Conjurations   | 2 3 |  3.1
Spellcasting   | 3 |  3.3
Dodging        | |  1.7
Stealth        | |  1.7

Action                   |  1- 3 |  4- 6 || total
-------------------------+-------+-------++-------
Melee: Unarmed           |    31 |     2 ||    33
 Cast: Flame Tongue      |    56 |    59 ||   115
  Eat: Chunk             |     7 |     7 ||    14
       Ration            |     1 |       ||     1
Armor: Robe              |     6 |     5 ||    11
Dodge: Dodged            |    30 |    15 ||    45
Block: Other             |     5 |    15 ||    20

Table legend:
 A = Non-vault XP
 B = Vault XP
 C = Vault XP percentage of total XP
 D = Non-vault monster count
 E = Vault monster count
 F = Vault count percentage of total count
                 A         B        C        D         E       F
            +---------+---------+-------+---------+---------+-------
      Total |     238 |      17 |   6.7 |      52 |      10 |  16.1
            +---------+---------+-------+---------+---------+-------
        D:1 |      36 |       3 |   7.7 |      18 |       2 |  10.0
        D:2 |      84 |       0 |   0.0 |      19 |       0 |   0.0
        D:3 |      70 |       0 |   0.0 |      11 |       0 |   0.0
        D:4 |      48 |      14 |  22.6 |       4 |       8 |  66.7
            +---------+---------+-------+---------+---------+-------
